 Dungeon Crawl Stone Soup version 0.31-a0-222-gefeffbb62a (webtiles) character file.

Game seed: 17144255999065612515

105 qw the Shooter (level 4, -1/36 HPs)
             Began as a Minotaur Hexslinger on July 5, 2023.
             Slain by an orc wizard
             ... wielding a +0 dagger
              (2 damage)
             ... on level 5 of the Dungeon.
             The game lasted 00:00:51 (2126 turns).

qw the Shooter (Minotaur Hexslinger)                Turns: 2126, Time: 00:00:52

Health: -1/36      AC:  5    Str: 12    XL:     4   Next: 54%
Magic:  4/4        EV: 11    Int: 10    God:
Gold:   224        SH:  0    Dex: 15    Spells: 4/5 levels left

rFire   . . .        Y - +3 sling
rCold   . . .        (no shield)
rNeg    . . .        f - +0 ring mail
rPois   .            (helmet restricted)
rElec   .            (no cloak)
rCorr   .            (no gloves)
SInv    .            (no boots)
Will    .....        (no amulet)
Stlth   +            (no ring)
HPRegen 0.26/turn    (no ring)
MPRegen 0.09/turn

%: no passive effects
@: no status effects
A: horns 2, retaliatory headbutt
a: no special abilities


You were on level 5 of the Dungeon.
You visited 1 branch of the dungeon, and saw 5 of its levels.

You collected 224 gold pieces.


Innate Abilities, Weirdness & Mutations

You have a pair of horns on your head.
You reflexively headbutt those who attack you in melee.


   Skills:
 - Level 2.0 Fighting
 + Level 4.9 Ranged Weapons
 - Level 1.0 Armour
 - Level 2.1 Dodging
 - Level 1.0 Spellcasting
 - Level 2.0 Hexes


You had 4 spell levels left.
You knew the following spells:

 Your Spells              Type           Power      Damage    Failure   Level
a - Slow                  Hex            16%        N/A       34%         1

Your spell library contained the following spells:

 Spells                   Type           Power      Damage    Failure   Level
 Inner Flame              Hex/Fire       2%         N/A       83%         3
 Portal Projectile        Hex/Tloc       4%         N/A       83%         3
 Cause Fear               Hex            2%         N/A       98%         4

Inventory:

Hand Weapons
 Y - a +3 sling (weapon)
Armour
 f - a +0 ring mail (worn)
Scrolls
 a - a scroll of identify
Potions
 g - a potion of curing {unknown}
 h - a potion of attraction {unknown}
 j - a potion of cancellation {unknown}

Dungeon Overview and Level Annotations

Branches:
Dungeon (6/15)
 Temple: D:4-7

Altars:
Dithmenos

Shops:
D:3 *


Message History

The orc is lightly wounded.
The jackal barely misses you.
The jackal bites you but does no damage.
The orc barely misses you. Something hits you. The orc hits you with a +0 mace.
You shoot a sling bullet. The sling bullet hits the orc.
The orc is heavily wounded.
The jackal bites you but does no damage. x2
A jackal comes into view.
The jackal barely misses you. Something hits you but does no damage.
The orc hits you with a +0 flail. The orc misses you.
The jackal bites you but does no damage.
The jackal moves out of view.
You shoot a sling bullet. The sling bullet hits the orc.
You kill the orc!
The jackal closely misses you. x2; The orc barely misses you.
You hear some strange, mumbled words.
A magic dart appears from out of thin air!
The magic dart hits you. The jackal closely misses you.
The jackal barely misses you. Something hits you but does no damage.
The orc hits you with a +0 flail.
You shoot a sling bullet. The sling bullet barely misses the orc.
The jackal bites you but does no damage.
The jackal barely misses you. The jackal bites you.
The jackal bites you but does no damage.
The orc barely misses you. Something hits you but does no damage.
You shoot a sling bullet. The sling bullet hits the orc.
The orc is almost dead.
The jackal bites you but does no damage.
The jackal closely misses you. The orc barely misses you. Something hits you.
The jackal bites you but does no damage. x2
You shoot a sling bullet. The sling bullet hits the orc.
You kill the orc!
The jackal misses you. You furiously retaliate!
You headbutt the jackal!
You kill the jackal!
The jackal closely misses you. Something hits you.
A jackal comes into view.
The orc barely misses you. The jackal barely misses you.
You furiously retaliate!
You headbutt the jackal. The iguana barely misses you. Something hits you.
You die...

.# . .# #. #.
.. ###.#.#
####....
####....)#.#.#.
......{@.......
####..olh.#.#.#
......?......
###........#.#
##...........
#<.......#.#
#######... .
.#h#


You could see an iguana, an orc and 2 jackals.

Vanquished Creatures
  An iguana (D:6)
  3 adders
  A worm (D:2)
  5 orcs
  4 endoplasms
  2 giant cockroaches
  6 goblins
  3 hobgoblins
  3 jackals (D:5)
  A ball python (D:1)
  4 bats
  4 frilled lizards
  6 kobolds
  5 rats
48 creatures vanquished.

Notes
Turn   | Place    | Note
-------+----------+-------------------------------------------
     0 | D:1      | qw the Minotaur Hexslinger began the quest for the Orb.
     0 | D:1      | Reached XP level 1. HP: 16/16 MP: 1/1
     0 | D:1      | 0 ||| qw: Version: 0.3-a-46-gb1f654a
     0 | D:1      | 0 ||| qw: Game counter: 1079
     0 | D:1      | 0 ||| qw: Melee chars always use a shield: true
     0 | D:1      | 0 ||| qw: God list: Okawaru
     0 | D:1      | 0 ||| qw: Allow faded altars: false
     0 | D:1      | 0 ||| qw: Do Orc after clearing Dungeon:15 true
     0 | D:1      | 0 ||| qw: Do second Lair branch before Depths: true
     0 | D:1      | 0 ||| qw: Lair rune preference: random
     0 | D:1      | 0 ||| qw: Goals: Normal
     0 | D:1      | 0 ||| PLANNING D:1-11
   404 | D:1      | Reached skill level 3 in Ranged Weapons
   404 | D:1      | Reached XP level 2. HP: 23/23 MP: 2/2
   805 | D:1      | 805 ||| READING 2 scrolls labelled GUIDDUPLEA.
   806 | D:1      | 806 ||| READING scroll labelled KAM EFETEUCYI.
   807 | D:1      | 807 ||| READING scroll labelled XYAPSUCADO.
   808 | D:1      | 808 ||| READING 2 scrolls labelled IKAOMABUDD.
   809 | D:1      | 809 ||| DROPPING scroll of amnesia.
   810 | D:1      | 810 ||| DROPPING scroll of poison.
   811 | D:1      | 811 ||| DROPPING scroll of fog.
   866 | D:2      | Found a shadowy altar of Dithmenos.
   974 | D:2      | Reached XP level 3. HP: 25/29 MP: 3/3
  1117 | D:2      | Reached skill level 4 in Ranged Weapons
  1209 | D:2      | 1209 ||| READING scroll of enchant weapon.
  1209 | D:2      | 1209 ||| ENCHANTING +2 sling.
  1242 | D:2      | 1242 ||| FLEEEEING.
  1243 | D:2      | 1243 ||| FLEEEEING.
  1244 | D:2      | 1244 ||| FLEEEEING.
  1245 | D:2      | 1245 ||| FLEEEEING.
  1246 | D:2      | 1246 ||| FLEEEEING.
  1247 | D:2      | 1247 ||| FLEEEEING.
  1248 | D:2      | 1248 ||| FLEEEEING.
  1249 | D:2      | 1249 ||| FLEEEEING.
  1279 | D:2      | HP: 5/29 [goblin/sling bullet (6)]
  1287 | D:2      | 1287 ||| FLEEEEING.
  1292 | D:2      | 1292 ||| FLEEEEING.
  1293 | D:2      | 1293 ||| FLEEEEING.
  1296 | D:2      | 1296 ||| FLEEEEING.
  1297 | D:2      | 1297 ||| FLEEEEING.
  1298 | D:2      | 1298 ||| FLEEEEING.
  1299 | D:2      | 1299 ||| FLEEEEING.
  1300 | D:2      | 1300 ||| FLEEEEING.
  1301 | D:2      | 1301 ||| FLEEEEING.
  1302 | D:2      | 1302 ||| FLEEEEING.
  1303 | D:2      | 1303 ||| FLEEEEING.
  1304 | D:2      | 1304 ||| FLEEEEING.
  1308 | D:2      | 1308 ||| FLEEEEING.
  1309 | D:2      | 1309 ||| FLEEEEING.
  1310 | D:2      | 1310 ||| FLEEEEING.
  1311 | D:2      | 1311 ||| FLEEEEING.
  1312 | D:2      | 1312 ||| FLEEEEING.
  1313 | D:2      | 1313 ||| FLEEEEING.
  1314 | D:2      | 1314 ||| FLEEEEING.
  1315 | D:2      | 1315 ||| FLEEEEING.
  1316 | D:2      | 1316 ||| FLEEEEING.
  1317 | D:2      | 1317 ||| FLEEEEING.
  1318 | D:2      | 1318 ||| FLEEEEING.
  1319 | D:2      | 1319 ||| FLEEEEING.
  1320 | D:2      | 1320 ||| FLEEEEING.
  1321 | D:2      | 1321 ||| FLEEEEING.
  1322 | D:2      | 1322 ||| FLEEEEING.
  1323 | D:2      | 1323 ||| FLEEEEING.
  1324 | D:2      | 1324 ||| FLEEEEING.
  1325 | D:2      | 1325 ||| FLEEEEING.
  1326 | D:2      | 1326 ||| FLEEEEING.
  1327 | D:2      | 1327 ||| FLEEEEING.
  1332 | D:2      | 1332 ||| FLEEEEING.
  1333 | D:2      | 1333 ||| FLEEEEING.
  1334 | D:2      | 1334 ||| FLEEEEING.
  1335 | D:2      | 1335 ||| FLEEEEING.
  1336 | D:2      | 1336 ||| FLEEEEING.
  1337 | D:2      | 1337 ||| FLEEEEING.
  1338 | D:2      | 1338 ||| FLEEEEING.
  1342 | D:2      | 1342 ||| FLEEEEING.
  1343 | D:2      | 1343 ||| FLEEEEING.
  1344 | D:2      | 1344 ||| FLEEEEING.
  1345 | D:2      | 1345 ||| FLEEEEING.
  1346 | D:2      | 1346 ||| FLEEEEING.
  1347 | D:2      | 1347 ||| FLEEEEING.
  1348 | D:2      | 1348 ||| FLEEEEING.
  1352 | D:2      | 1352 ||| FLEEEEING.
  1353 | D:2      | 1353 ||| FLEEEEING.
  1359 | D:2      | 1359 ||| FLEEEEING.
  1360 | D:2      | 1360 ||| FLEEEEING.
  1361 | D:2      | 1361 ||| FLEEEEING.
  1362 | D:2      | 1362 ||| FLEEEEING.
  1363 | D:2      | 1363 ||| FLEEEEING.
  1364 | D:2      | 1364 ||| FLEEEEING.
  1897 | D:2      | 1897 ||| UPGRADING to +0 leather armour.
  1907 | D:2      | 1907 ||| DROPPING +0 robe.
  1908 | D:2      | 1908 ||| UPGRADING to +0 ring mail.
  1918 | D:2      | 1918 ||| DROPPING +0 leather armour.
  1919 | D:2      | 1919 ||| READING scroll labelled LUQ PESUAPLESS.
  1923 | D:2      | 1923 ||| READING scroll labelled GEYGGYRHEO.
  1924 | D:2      | 1924 ||| READING scroll labelled YSUUSHR ETWYUR.
  1925 | D:2      | 1925 ||| READING 2 scrolls of identify.
  1925 | D:2      | 1925 ||| IDENTIFYING fuming white potion
  1926 | D:2      | 1926 ||| DROPPING potion of ambrosia.
  2027 | D:3      | Reached skill level 1 in Armour
  2027 | D:3      | Reached XP level 4. HP: 35/36 MP: 4/4
  2046 | D:3      | Found Coegriuz's Assorted Antiques.
  2046 | D:3      | You fall into a shaft and drop 3 floors!
  2104 | D:6      | 2104 ||| READING scroll labelled WEIFRO DETIMMID.
  2112 | D:5      | Entered Level 5 of the Dungeon
  2123 | D:5      | HP: 7/36 [something/magic dart (4)]
  2125 | D:5      | HP: 2/36 [something (2)]
  2126 | D:5      | Slain by an orc wizard

Levels and vault maps discovered:
D:1:      eino_arrival_tree_alley, layout_loops_corners
D:2:      layout_basic, basic_altar, guppyfry_early_orc_mine
D:3:      layout_basic, serial_shops, shop, dreamdust_ecumenical_altar_grove
D:5:      layout_rooms, nicolae_overflow_crystal_walls, nrook_campfire,
          hex_large, chequers_serial_rivers_micro_a
D:6:      layout_loops_corners, nicolae_overflow_hallway_of_the_gods,
          temple_hall, nicolae_nh_oracle_at_delphi

Skill      XL: |  1  2  3 |
---------------+----------+-----
Ranged Weapons | 3 4 |  4.9
Fighting       | 2 |  2.0
Armour         | 1 |  1.0
Dodging        | |  2.1
Spellcasting   | |  1.0
Hexes          | |  2.0

Action                     |  1- 3 |  4- 6 || total
---------------------------+-------+-------++-------
   Fire: Sling             |   120 |    20 ||   140
    Use: Scroll            |     9 |     1 ||    10
 Armour: Robe              |     8 |       ||     8
         Ring mail         |     2 |    27 ||    29
  Dodge: Dodged            |    37 |    34 ||    71

Table legend:
 A = Non-vault XP
 B = Vault XP
 C = Vault XP percentage of total XP
 D = Non-vault monster count
 E = Vault monster count
 F = Vault count percentage of total count
                 A         B        C        D         E       F
            +---------+---------+-------+---------+---------+-------
      Total |     140 |      16 |  10.3 |      41 |       7 |  14.6
            +---------+---------+-------+---------+---------+-------
        D:1 |      22 |       0 |   0.0 |      14 |       0 |   0.0
        D:2 |      55 |      16 |  22.5 |      18 |       7 |  28.0
        D:3 |      16 |       0 |   0.0 |       3 |       0 |   0.0
        D:5 |      12 |       0 |   0.0 |       5 |       0 |   0.0
        D:6 |      35 |       0 |   0.0 |       1 |       0 |   0.0
            +---------+---------+-------+---------+---------+-------
